 Dungeon Crawl Stone Soup version bcrawl-1.21.3 (webtiles) character file.

Game seed: 9801158560606628446

100 Flugslaktarn the Skirmisher (level 4, 0/29 HPs)
             Began as a Skeleton Archaeologist on Mar 29, 2020.
             Slain by Ijyb
             ... wielding a +1 dagger of electrocution
              (4 damage)
             ... on level 3 of the Dungeon.
             The game lasted 00:01:18 (3026 turns).

Flugslaktarn the Skirmisher (SkAc)                  Turns: 3026, Time: 00:01:19

Health: 0/29       AC:  6    Str: 19      XL:     4   Next: 46%
Magic:  0/4        EV: 12    Int: 11 (12) God:
Gold:   42         SH:  0    Dex:  7      Spells: 3/3 levels left

rFire    . . .     SeeInvis .   m - +0 war axe
rCold    + . .     Gourm    .   (no shield)
rNeg     + + +     Faith    .   b - +1 robe
rPois    ∞         Spirit   +   c - +1 hat
rElec    .         Reflect  .   (no cloak)
rCorr    .         Harm     .   (no gloves)
MR       .....                  d - +1 pair of boots
Stlth    ++........             (no amulet)
HPRegen  0.09/turn              (no ring)
MPRegen  0.09/turn              (no ring)

@: no status effects
A: no food or potions, cold resistance 1, deterioration 1, negative energy
resistance 3, torment resistance, unbreathing, magic shield, sturdy frame 1,
spell healing
a: no special abilities


You were on level 3 of the Dungeon.
You were not hungry.

You visited 1 branch of the dungeon, and saw 3 of its levels.

You collected 42 gold pieces.

Inventory:

Hand Weapons
 m - a +0 war axe (weapon)
   (You found it on level 2 of the Dungeon)
Armour
 b - a +1 robe (worn)
 c - a +1 hat (worn)
 d - a +1 pair of boots (worn)
Jewellery
 g - an uncursed ring of fire {unknown}
   (You found it on level 1 of the Dungeon)
 i - an uncursed ring of fire {unknown}
   (You found it on level 1 of the Dungeon)
 l - a cursed -2 ring of evasion {unknown}
   (You found it on level 2 of the Dungeon)
Scrolls
 a - a scroll of teleportation {unknown}
 e - a scroll of magic mapping
 h - 2 scrolls of remove curse {unknown}
 j - a scroll of fear {unknown}
 k - a scroll of fog {unknown}
Miscellaneous
 f - a dusty tome


   Skills:
 - Level 3.9 Fighting
 + Level 2.0(2.1) Axes
   Level 1.2(1.8) Maces & Flails
 - Level 3.0 Dodging
 - Level 3.6 Stealth


You had 3 spell levels left.
You didn't know any spells.
Your spell library was empty.

Dungeon Overview and Level Annotations

Branches:
Dungeon (3/12)

Altars:
Nemelex Xobeh
The Shining One

Annotations:
D:3 Ijyb


Innate Abilities, Weirdness & Mutations

You do not eat or drink.
You are immune to poison.
Your flesh is cold resistant. (rC+)
Your body sometimes deteriorates upon taking damage.
You are immune to negative energy. (rN+++)
You are immune to unholy pain and torment.
You can survive without breathing.
When hurt, damage is shared between your health and your magic reserves.
Your movements are slightly less encumbered by armour. (ER -2)
Casting spells heals you.


Message History

Ijyb shoots a sling bullet.
The sling bullet hits you.
Found a stone staircase leading down.
You closely miss Ijyb.
Ijyb unwields a +0 hunting sling.
Ijyb wields a +1 dagger of electrocution.
You hear the crackle of electricity.
Ijyb closely misses you. x2
You hit Ijyb.
Ijyb is lightly wounded.
Ijyb closely misses you.
Unknown command.
You hit Ijyb.
Ijyb is lightly wounded.
Ijyb hits you but does no damage.
You slash Ijyb!
Ijyb is severely wounded.
Ijyb hits you with a +1 dagger of electrocution.
You are electrocuted!
* * * LOW HITPOINT WARNING * * *
Ijyb hits you with a +1 dagger of electrocution.
You die...

>. #.# ... #.#
#.### ....
#.#####.###
#..)g@.†.<#####
.#######.##.....
....!...........
..######...)....
.......<#......
...##.#.#......
#.#.#...... .
..# ..... ## ###
.....


You could see Ijyb.

Vanquished Creatures
  3 adders (D:2)
  A gnoll (D:2)
  2 oozes
  A worm (D:2)
  3 dart slugs
  3 leopard geckos
  7 bats
  A giant cockroach (D:1)
  6 hobgoblins
  3 jackals (D:1)
  2 quokkas (D:2)
  2 frilled lizards
  2 goblins (D:1)
  3 kobolds
  5 rats
44 creatures vanquished.

Notes
Turn   | Place    | Note
-------+----------+-------------------------------------------
     0 | D:1      | Flugslaktarn the Skeleton Archaeologist began the quest for
                  | the Orb.
     0 | D:1      | Reached XP level 1. HP: 12/12 MP: 1/1
   221 | D:1      | Reached XP level 2. HP: 5/17 MP: 0/2
   871 | D:1      | Reached XP level 3. HP: 21/23 MP: 1/3
  1488 | D:2      | Found a sparkling altar of Nemelex Xobeh.
  2161 | D:2      | Reached XP level 4. HP: 16/29 MP: 2/4
  2404 | D:2      | Reached skill level 1 in Axes
  2474 | D:2      | Found a glowing golden altar of the Shining One.
  3011 | D:3      | Noticed Ijyb
  3026 | D:3      | Slain by Ijyb

Skill      XL: |  1  2  3  4 |
---------------+-------------+-----
Fighting       | 2 3 |  3.9
Axes           | 2 |  2.0
Maces & Flails | |  1.2
Dodging        | |  3.0
Stealth        | |  3.6

Action                   |  1- 3 |  4- 6 || total
-------------------------+-------+-------++-------
Melee: Whip              |   177 |       ||   177
       War axe           |       |    39 ||    39
 Stab: Sleeping          |    10 |     2 ||    12
Armor: Robe              |    68 |     7 ||    75
Dodge: Dodged            |   129 |    30 ||   159
